 Dungeon Sprint DCSS version 0.31-a0-7-g51783674b7 (webtiles) character file.

Game seed: 17702746654543908540

2290 rocky1 the Geomancer (level 9, -7/45 HPs)
             Began as a Deep Elf Earth Elementalist on May 6, 2023.
             Was a High Priest of Sif Muna.
             Killed by divine providence
             ... invoked by an orc priest
              (10 damage)
             ... in the Dungeon (Sprint VII: "The Pits").
             The game lasted 00:05:36 (1562 turns).

rocky1 the Geomancer (Deep Elf Earth Elementalist)  Turns: 1562, Time: 00:05:37

Health: -7/45      AC:  4    Str:  5    XL:     9   Next: 17%
Magic:  22/27      EV: 12    Int: 25    God:    Sif Muna [*****.]
Gold:   0          SH:  0    Dex: 15    Spells: 16/32 levels left

rFire   . . .        q - +2 scimitar (holy)
rCold   . . .        (no shield)
rNeg    . . .        a - +0 robe
rPois   .            (no helmet)
rElec   .            o - +0 cloak
rCorr   .            p - +0 pair of gloves
SInv    .            (no boots)
Will    .....        (no amulet)
Stlth   ++           (no ring)
HPRegen 0.27/turn    (no ring)
MPRegen 0.20/turn

%: no teleportation
@: no status effects
A: no striking features
a: Renounce Religion, Channel Magic, Forget Spell, Divine Exegesis


You were in the Dungeon.
You worshipped Sif Muna.
Sif Muna was extremely pleased with you.
You visited 1 branch

Inventory:

Hand Weapons
 q - a +2 scimitar of holy wrath (weapon)
Armour
 a - a +0 robe (worn)
 o - a +0 cloak (worn)
 p - a +0 pair of gloves (worn)
Jewellery
 k - a +3 ring of intelligence
 l - a +3 ring of protection
Scrolls
 i - 5 scrolls of amnesia
 j - a scroll of butterflies
Potions
 b - 4 potions of magic
 c - 6 potions of curing
 d - 6 potions of heal wounds
 e - a potion of haste
 f - 4 potions of berserk rage
 h - 2 potions of invisibility
 m - 2 potions of might
 n - 3 potions of mutation


   Skills:
 - Level 2.4 Dodging
 - Level 2.4 Stealth
 + Level 12.2 Spellcasting
 + Level 10.0 Conjurations
 + Level 5.1 Summonings
 + Level 7.3 Transmutations
 + Level 13.9 Earth Magic
 + Level 7.7 Invocations


You had 16 spell levels left.
You knew the following spells:

 Your Spells              Type           Power      Damage    Failure   Level
a - Sandblast             Erth           100%       2d20      0%          1
b - Stone Arrow           Conj/Erth      100%       3d13      1%          3
c - Iskenderun's Battles  Conj           60%        2d11      1%          5
d - Spellforged Servitor  Conj/Summ      26%        N/A       83%         7

Your spell library contained the following spells:

 Spells                   Type           Power      Damage    Failure   Level
 Kiss of Death            Conj/Necr      100%       2d13      1%          1
 Momentum Strike          Conj/Tloc      80%        3d10      1%          2
 Passwall                 Tmut/Erth      51%        N/A       1%          2
 Searing Ray              Conj           100%       2d8       1%          2
 Dazzling Flash           Conj/Hex       80%        N/A       1%          3
 Petrify                  Tmut/Erth      62%        N/A       1%          4
 Irradiate                Conj/Tmut      28%        3d21      3%          5
 Sticky Flame             Conj/Fire      40%        2d6       4%          4
 Conjure Ball Lightning   Conj/Air       20%        3x3d6     58%         6


Dungeon Overview and Level Annotations

Branches:
Dungeon (1/1)

Altars:
Ashenzari
Cheibriados
Dithmenos
Elyvilon
Fedhas
Gozag
Hepliaklqana
Kikubaaqudgha
Makhleb
Nemelex Xobeh
Okawaru
Qazlal
Ru
Sif Muna
Trog
Uskayaw
Vehumet
Wu Jian
Xom
Yredelemnul
Zin
The Shining One
Jiyva
Lugonu


Message History

The stone arrow misses the hell rat.
Unknown command.
Aiming: Stone Arrow (safe; 1% risk of failure)
Press: ? - help, Q - select action, (/) - cycle Shift-Dir - straight line, f/p - hell rat
Aim: a hell rat (heavily wounded, 78% to hit)
The stone arrow hits the hell rat!!
You kill the hell rat!
Sif Muna accepts your kill.
Aiming: Stone Arrow (safe; 1% risk of failure)
Press: ? - help, Q - select action, (/) - cycle Shift-Dir - straight line, f - you
Okay, then.
You feel less invigorated.
Aiming: Stone Arrow (safe; 1% risk of failure)
Press: ? - help, Q - select action, (/) - cycle Shift-Dir - straight line, f - you
Okay, then.
Aiming: Stone Arrow (safe; 1% risk of failure)
Press: ? - help, Q - select action, (/) - cycle Shift-Dir - straight line, f - tyrant leech
Aim: a tyrant leech (63% to hit)
The stone arrow hits the tyrant leech!
The tyrant leech is moderately wounded.
The centaur wields a +0 shortbow.
The centaur shoots an arrow.
The arrow hits you!
* * * LOW HITPOINT WARNING * * *
The centaur shoots an arrow.
The arrow hits you.
* * * LOW HITPOINT WARNING * * *
Aiming: Stone Arrow (safe; 1% risk of failure)
Press: ? - help, Q - select action, (/) - cycle Shift-Dir - straight line, f/p - tyrant leech
Aim: a tyrant leech (moderately wounded, 63% to hit)
The stone arrow hits the tyrant leech!
The tyrant leech is heavily wounded.
Unknown command.
You feel much better.
The centaur shoots an arrow.
The arrow hits you.
The centaur shoots an arrow.
The arrow hits you!
The centaur shoots an arrow.
The arrow hits you.
The centaur shoots an arrow.
The arrow hits you!
* * * LOW HITPOINT WARNING * * *
There is an open door to the Storerooms (Easy), spattered with blood here.
The orc priest invokes the aid of Beogh against you.
Beogh smites you!
You die...

########### _________.#
_________.#
_______...###########++####
##########'##...............
#.?(.')))'.##......#..#.....
##########.##.o.............
#..........@'.w...K.........
#'#####'#####.....c#..#.....
#.#..#..#..##...............
#.#..'..#))#####'#####''####
#.#.)####))##.......##''#
#.#..#..#))##.......##.)##
#.#).#..#[[##.......##.)r##
#.##)#..#'###...<...###..ยง#
#.#........##.......# ##).)w


You could see a tyrant leech, a kobold demonologist, a centaur and an orc
priest.

Vanquished Creatures
  A lindwurm (D)
  A cane toad (D)
  A kobold demonologist (D)
  A rime drake (D)
  A ynoxinul (D)
  2 redbacks (D)
  A floating eye (D)
  2 phantoms (D)
  A kobold brigand (D)
  2 wights (D)
  A jelly (D)
  2 orc priests (D)
  3 orc wizards (D)
  A hell rat (D)
  A gnoll (D)
  2 adders (D)
  A river rat (D)
  2 ufetubi (D)
  6 orcs (D)
  A bat skeleton (D)
  2 endoplasms (D)
  A giant cockroach (D)
  2 goblins (D)
  A kobold (D)
  A bat (D)
  A quokka zombie (D)
41 creatures vanquished.

Notes
Turn   | Place    | Note
-------+----------+-------------------------------------------
     0 | D        | rocky1 the Deep Elf Earth Elementalist began the quest for
                  | the Orb.
     0 | D        | Reached XP level 1. HP: 10/10 MP: 6/6
    16 | D        | Reached skill level 4 in Earth Magic
    43 | D        | Found a bloodstained altar of Trog.
    43 | D        | Found a shimmering blue altar of Sif Muna.
    43 | D        | Found a viscous altar of Jiyva.
    43 | D        | Found a hazy altar of Hepliaklqana.
    43 | D        | Found an opulent altar of Gozag.
    44 | D        | Found a glowing golden altar of the Shining One.
    44 | D        | Found a glowing silver altar of Zin.
    44 | D        | Found a basalt altar of Yredelemnul.
    44 | D        | Found a shimmering altar of Xom.
    44 | D        | Found an ornate altar of the Wu Jian Council.
    44 | D        | Found a sacrificial altar of Ru.
    44 | D        | Found a stormy altar of Qazlal.
    44 | D        | Found an iron altar of Okawaru.
    44 | D        | Found a sparkling altar of Nemelex Xobeh.
    44 | D        | Found a burning altar of Makhleb.
    44 | D        | Found a blossoming altar of Fedhas.
    44 | D        | Found a white marble altar of Elyvilon.
    44 | D        | Found a shadowy altar of Dithmenos.
    44 | D        | Found a snail-covered altar of Cheibriados.
    47 | D        | Found a corrupted altar of Lugonu.
    47 | D        | Found a radiant altar of Vehumet.
    48 | D        | Found an ancient bone altar of Kikubaaqudgha.
    48 | D        | Found a hide-covered altar of Uskayaw.
    48 | D        | Found a broken altar of Ashenzari.
    49 | D        | Became a worshipper of Sif Muna the Loreminder
    83 | D        | Reached * piety under Sif Muna
    84 | D        | Reached skill level 6 in Earth Magic
    84 | D        | Reached XP level 2. HP: 15/15 MP: 5/8
   240 | D        | Reached ** piety under Sif Muna
   243 | D        | Reached skill level 7 in Earth Magic
   243 | D        | Reached XP level 3. HP: 15/19 MP: 5/9
   245 | D        | Reached *** piety under Sif Muna
   246 | D        | Reached skill level 8 in Earth Magic
   250 | D        | Reached skill level 9 in Earth Magic
   250 | D        | Reached XP level 4. HP: 17/24 MP: 0/10
   252 | D        | Reached skill level 10 in Earth Magic
   323 | D        | Learned a level 3 spell: Stone Arrow
   331 | D        | Noticed a floating eye
   332 | D        | Noticed a kobold brigand
   335 | D        | Killed a kobold brigand
   336 | D        | Reached skill level 5 in Spellcasting
   336 | D        | Reached XP level 5. HP: 28/28 MP: 8/14
   336 | D        | Killed a floating eye
   336 | D        | Reached **** piety under Sif Muna
   337 | D        | Reached skill level 5 in Conjurations
   337 | D        | Reached skill level 11 in Earth Magic
   340 | D        | Reached XP level 6. HP: 32/32 MP: 5/18
   480 | D        | Reached ***** piety under Sif Muna
   481 | D        | Reached skill level 12 in Earth Magic
   700 | D        | Received a gift from Sif Muna
   701 | D        | Got Raocs's Quarto of Blows {god gift}
   944 | D        | Noticed a redback
   944 | D        | Noticed a lindwurm
   950 | D        | Killed a lindwurm
   951 | D        | Reached skill level 10 in Spellcasting
   951 | D        | Reached skill level 5 in Invocations
   951 | D        | Reached XP level 7. HP: 36/36 MP: 10/22
   953 | D        | Killed a redback
   954 | D        | Reached skill level 5 in Transmutations
   954 | D        | Reached skill level 13 in Earth Magic
   954 | D        | Reached XP level 8. HP: 23/41 MP: 5/24
   954 | D        | Received a gift from Sif Muna
   955 | D        | Got Sif Muna's Omnibus of Combat Magic {god gift}
  1079 | D        | Learned a level 5 spell: Iskenderun's Battlesphere
  1087 | D        | Learned a level 7 spell: Spellforged Servitor
  1309 | D        | Reached skill level 1 in Summonings
  1438 | D        | Noticed a rime drake
  1442 | D        | Killed a rime drake
  1523 | D        | Noticed a kobold demonologist
  1526 | D        | Noticed a cane toad
  1531 | D        | Killed a cane toad
  1534 | D        | Noticed a tyrant leech
  1534 | D        | Received a gift from Sif Muna
  1535 | D        | Reached XP level 9. HP: 19/45 MP: 9/26
  1538 | D        | Noticed a kobold demonologist
  1541 | D        | Killed a kobold demonologist
  1542 | D        | Reached skill level 10 in Conjurations
  1542 | D        | Reached skill level 5 in Summonings
  1562 | D        | Killed from afar by an orc priest

Illustrated notes

Levels and vault maps discovered:
D:        pitsprint [storerooms_1, entrance_room_1, metal_vault_5, armoury_3,
          mini_pit_1, grid_room_1, main_hall_1, silver_pit, the_coven_3,
          the_vestibule_1, steel_vault_3, golden_pit, hallway_of_sentries,
          crystal_vault_3, iron_vault_2, final_vault]

Skill      XL: |  1  2  3  4  5  6  7  8  9 |
---------------+----------------------------+-----
Earth Magic    | 6 7 9 10 11 12 13 | 13.9
Spellcasting   | 5 7 10 11 12 | 12.2
Conjurations   | 3 5 8 9 10 | 10.0
Invocations    | 5 7 |  7.7
Transmutations | 4 5 7 |  7.3
Summonings     | 4 5 |  5.1
Dodging        | |  2.4
Stealth        | |  2.4

Action                     |  1- 3 |  4- 6 |  7- 9 || total
---------------------------+-------+-------+-------++-------
  Melee: Unarmed           |     1 |       |       ||     1
   Cast: Sandblast         |    18 |    22 |       ||    40
         Stone Arrow       |       |     3 |    35 ||    38
 Invoke: Channel Magic     |       |       |     3 ||     3
    Use: Potion            |     1 |     1 |     2 ||     4
         Scroll            |       |       |     1 ||     1
 Armour: Robe              |     2 |     2 |     4 ||     8
  Dodge: Dodged            |     3 |    11 |    10 ||    24

Table legend: (Time is in decaauts)
 A = Elapsed time spent in this place.
 B = Non-inter-level travel time spent in this place.
 C = Inter-level travel time spent in this place.
 D = Time resting spent in this place.
 E = Time spent auto-exploring this place.
 F = Levels seen in this place.
 G = Mean time per level.
                   A        B        C        D        E       F      G
               +--------+--------+--------+--------+--------+-----+--------+
         Total |   1582 |   1518 |     64 |   1127 |      0 |   1 | 1582.0 |
       Dungeon |   1582 |   1518 |     64 |   1127 |      0 |   1 | 1582.0 |
               +--------+--------+--------+--------+--------+-----+--------+

Top non-repeatable levels by time:
       D: 1582 daAuts
